 Dungeon Crawl Stone Soup version 0.28.0-53-g5a82cb258f (webtiles) character file.

Game seed: 5441349646926767075

386 mortz the Gusty (level 6, -2/32 HPs)
             Began as a Tengu Air Elementalist on July 3, 2022.
             Slain by an ogre
             ... wielding a +0 giant club
              (32 damage)
             ... on level 5 of the Dungeon.
             The game lasted 00:25:40 (5980 turns).

mortz the Gusty (Tengu Air Elementalist)            Turns: 5980, Time: 00:25:40

Health: -2/32      AC:  4    Str:  8    XL:     6   Next: 78%
Magic:  7/11       EV: 14    Int: 17    God:
Gold:   216        SH:  0    Dex: 15    Spells: 4/11 levels left

rFire   . . .      SeeInvis .   u - +1 dagger (venom) {short}
rCold   . . .      Faith    .   (no shield)
rNeg    + . .      Spirit   .   j - +0 leather armour
rPois   .          Reflect  .   (helmet restricted)
rElec   .          Harm     .   (no cloak)
rCorr   .          Rampage  .   g - +0 pair of gloves
Will    .....                   (boots unavailable)
Stlth   ++........              (no amulet)
HPRegen 0.10/turn               d - ring of positive energy
MPRegen 0.12/turn               (no ring)

@: flying quickly and evasively, quick
A: beak, talons 3, nimble flight
a: no special abilities


You were on level 5 of the Dungeon.
You visited 1 branch of the dungeon, and saw 5 of its levels.

You collected 216 gold pieces.


Innate Abilities, Weirdness & Mutations

You have a beak for a mouth.
You have claws for feet.
Your magical nature lets you fly swiftly and evasively.


   Skills:
 * Level 2.1 Armour
 + Level 2.3 Dodging
 + Level 2.2 Stealth
 * Level 3.1 Spellcasting
 * Level 4.8 Conjurations
 * Level 6.8 Air Magic


You had 4 spell levels left.
You knew the following spells:

 Your Spells              Type           Power      Damage    Failure   Level
a - Shock                 Conj/Air       88%        1d8       2%          1
b - Static Discharge      Conj/Air       22%        N/A       3%          2
c - Airstrike             Air            12%        N/A       14%         4

Your spell library contained the following spells:

 Spells                   Type           Power      Damage    Failure   Level
 Swiftness                Air            25%        N/A       4%          3
 Animate Skeleton         Necr           4%         N/A       24%         1
 Apportation              Tloc           4%         N/A       24%         1
 Summon Small Mammal      Summ           8%         N/A       24%         1
 Ensorcelled Hibernation  Hex/Ice        4%         N/A       36%         2
 Passwall                 Tmut/Erth      1%         N/A       36%         2
 Gell's Gravitas          Tloc           2%         N/A       58%         3
 Lesser Beckoning         Tloc           2%         N/A       58%         3
 Teleport Other           Tloc           2%         N/A       58%         3

Inventory:

Hand Weapons
 f - a +0 mace {mace}
   (You found it on level 1 of the Dungeon)
 i - a +0 rapier {short}
   (You found it on level 4 of the Dungeon)
 o - a +0 spear {polearm}
   (You took it off a gnoll on level 3 of the Dungeon)
 u - a +1 dagger of venom (weapon) {short}
   (You found it on level 5 of the Dungeon)
 v - a +0 war axe {axe}
   (You found it on level 4 of the Dungeon)
Missiles
 s - 7 poisoned darts {throwing}
Armour
 a - a +0 robe
 g - a +0 pair of gloves (worn)
   (You found it on level 1 of the Dungeon)
 j - a +0 leather armour (worn)
   (You found it on level 2 of the Dungeon)
Magical Staves
 c - a staff of cold {!astaff}
   (You found it on level 2 of the Dungeon)
Jewellery
 d - a ring of positive energy (left hand)
   (You found it on level 1 of the Dungeon)
Scrolls
 b - a scroll of noise {unknown}
 k - a scroll of enchant weapon {unknown}
 l - a scroll of teleportation {unknown}
 p - a scroll of enchant armour {unknown}
 q - a scroll of fear {unknown}
 r - a scroll of magic mapping {unknown}
Potions
 e - a potion of heal wounds {@q2}
 h - a potion of ambrosia
 m - a potion of brilliance {unknown}
 n - a potion of might
 t - a potion of curing {@q1}
 w - a potion of haste {unknown}

Dungeon Overview and Level Annotations

Branches:
Dungeon (5/15)
 Temple: D:4-7

Altars:
Cheibriados
Gozag
Sif Muna

Annotations:
D:4 exclusion: downstairs, Edmund, Eustachio
D:5 1 runed translucent door, Crazy Yiuf, Sigmund

####...###..###
##.............##
#..###.....##...## ###.##
##..#.#.....# ##...#
#.........## #..###
###........# ##.##
#+#..##..#....# # #..#
+.O...#..#.#### # #..##
##@## ##.....# ##
#...###.#.###......## #.
#.#.....#...........####.
#.####.###.#####.......##
#.# #.....# ##......#.
#.. .....## #.......##
### #####.# #..#...... .#
#...>..... . ...........


You could see an ogre.


Message History

You lost 1 mp, and now have 8/11 mp.
Aiming: Shock (safe; 2% risk of failure)
Press: ? - help, Q - select action, (/) - cycle Shift-Dir - straight line
Okay, then.
Casting: Shock (safe; 2% risk of failure)
Confirm with . or Enter, or press ? or * to list all spells.
The adder is struck by an arc of lightning!
You kill the adder!
You are struck by an arc of lightning. 😕 HP[-1] MP[-2]
You take 1 damage, and now have 31/32 hp.
You lost 2 mp, and now have 6/11 mp.
You start resting. 😎 HP[+1] MP[+1]
Your hp is fully restored (32).
You start resting.
Your magical contamination has completely faded away.
You start resting. 😎 MP[+4]
Your mp is fully restored (11).
Things that are here:
5 arrows; a +0 robe A phantom is nearby!
Aiming: Shock (safe; 2% risk of failure)
Press: ? - help, Q - select action, (/) - cycle Shift-Dir - straight line, f - phantom
Aim: a phantom (wandering, hasn't noticed you, 64% to hit)
The zap hits the phantom. 😎 MP[-1]
You lost 1 mp, and now have 10/11 mp.
Aiming: Shock (safe; 2% risk of failure)
Press: ? - help, Q - select action, (/) - cycle Shift-Dir - straight line, f/p - phantom
Aim: a phantom (lightly damaged, 64% to hit)
The zap hits the phantom. 😎 MP[-1]
You lost 1 mp, and now have 9/11 mp.
Aiming: Shock (safe; 2% risk of failure)
Press: ? - help, Q - select action, (/) - cycle Shift-Dir - straight line, f/p - phantom
Aim: a phantom (lightly damaged, 64% to hit)
The zap hits the phantom. 😎 MP[-1]
You lost 1 mp, and now have 8/11 mp.
Aiming: Shock (safe; 2% risk of failure)
Press: ? - help, Q - select action, (/) - cycle Shift-Dir - straight line, f/p - phantom
Aim: a phantom (moderately damaged, 64% to hit)
The zap hits the phantom! 😎 MP[-1]
You lost 1 mp, and now have 7/11 mp.
Aiming: Shock (safe; 2% risk of failure)
Press: ? - help, Q - select action, (/) - cycle Shift-Dir - straight line, f/p - phantom
Aim: a phantom (heavily damaged, 64% to hit)
The zap hits the phantom. 😎 MP[-1]
You lost 1 mp, and now have 6/11 mp.
Aiming: Shock (safe; 2% risk of failure)
Press: ? - help, Q - select action, (/) - cycle Shift-Dir - straight line, f/p - phantom
Aim: a phantom (severely damaged, 64% to hit)
The zap hits the phantom! 😎 MP[-1]
You lost 1 mp, and now have 5/11 mp.
Aiming: Shock (safe; 2% risk of failure)
Press: ? - help, Q - select action, (/) - cycle Shift-Dir - straight line, p - phantom The zap hits the phantom.
You destroy the phantom!
Your Armour skill increases to level 2! 😎 MP[-1]
You lost 1 mp, and now have 4/11 mp.
You start resting. 😎 MP[+7]
Your mp is fully restored (11).
Found a stone staircase leading down.
You pick up a book of Displacement and begin reading...
You add the spells Lesser Beckoning, Gell's Gravitas and Teleport Other to your library.
Found a shimmering blue altar of Sif Muna.
There is an open door here.
There is a shimmering blue altar of Sif Muna here.
There is an open door here.
Found a stone staircase leading down.
You reach down and open the door.
An ogre comes into view. It is wielding a +0 giant club.
Aiming: Shock (safe; 2% risk of failure)
Press: ? - help, Q - select action, (/) - cycle Shift-Dir - straight line, f - ogre
Aim: an ogre, wielding a +0 giant club (asleep, 100% to hit)
The zap hits the ogre. 😎 MP[-1]
You lost 1 mp, and now have 10/11 mp.
Aiming: Shock (safe; 2% risk of failure)
Press: ? - help, Q - select action, (/) - cycle Shift-Dir - straight line, f/p - ogre
Aim: an ogre, wielding a +0 giant club (lightly wounded, 88% to hit)
The zap hits the ogre. 😎 MP[-1]
You lost 1 mp, and now have 9/11 mp.
Casting: Shock (safe; 2% risk of failure)
Confirm with . or Enter, or press ? or * to list all spells.
The ogre is struck by an arc of lightning!
You are struck by an arc of lightning.
The ogre is struck by an arc of lightning.
The lightning grounds out.
The ogre hits you with a +0 giant club!!
Ouch! That really hurt!
You die...

Skill      XL: |  1  2  3  4  5  6 |
---------------+-------------------+-----
Conjurations   | 3 4 |  4.8
Air Magic      | 5 6 |  6.8
Armour         | 1 2 |  2.1
Spellcasting   | 3 |  3.1
Dodging        | |  2.3
Stealth        | |  2.2

Action                   |  1- 3 |  4- 6 || total
-------------------------+-------+-------++-------
Melee: Hand axe          |     3 |     2 ||     5
       Kick              |     1 |     1 ||     2
       Peck              |       |     1 ||     1
 Cast: Shock             |    47 |   102 ||   149
       Static Discharge  |     6 |    19 ||    25
  Use: Scroll            |     3 |     3 ||     6
Armor: Robe              |     1 |       ||     1
       Leather armour    |       |     2 ||     2
Dodge: Dodged            |     9 |    18 ||    27

Levels and vault maps discovered:
D:1:      ebering_hopf_link, layout_basic, minmay_tetromino_t2
D:2:      layout_basic, nicolae_ecumenical_lake_church, minmay_quadrilaterals
D:3:      cheibrodos_helix_gallery, layout_basic
D:4:      cheibrodos_fertilizer, layout_loops_corners,
          mainiacjoe_overflow_concentric_impassable, minmay_temple_entry_grid,
          nicolae_elevator_lobby_asterisk, uniq_edmund, uniq_eustachio
D:5:      layout_cave_pools, mainiacjoe_overflow_catwalk,
          kennysheep_slug_shrine, nicolae_overflow_crystal_walls,
          nemelex_dance_club_becter, nicolae_sif_muna_little_library,
          serial_bayou_pond_e, uniq_ijyb, uniq_crazy_yiuf_cottage,
          uniq_menkaure, uniq_sigmund

Notes
Turn   | Place    | Note
-------+----------+-------------------------------------------
     0 | D:1      | mortz the Tengu Air Elementalist began the quest for the
                  | Orb.
     0 | D:1      | Reached XP level 1. HP: 10/10 MP: 4/4
     0 | D:1      | magus.rc [v1.9.6]
   463 | D:1      | Reached XP level 2. HP: 14/15 MP: 3/6
   515 | D:2      | Learned a level 2 spell: Static Discharge
  1047 | D:2      | Found a faded altar of an unknown god.
  1198 | D:2      | Reached XP level 3. HP: 17/19 MP: 1/7
  1724 | D:3      | Reached skill level 2 in Conjurations
  1798 | D:3      | Reached skill level 5 in Air Magic
  1879 | D:3      | Reached skill level 3 in Conjurations
  1879 | D:3      | Reached XP level 4. HP: 11/24 MP: 1/8
  2397 | D:3      | You pick up a book of Burglary and begin reading...
  2397 | D:3      | You add the spells Passwall and Ensorcelled Hibernation to
                  | your library.
  3361 | D:4      | Noticed a phantom
  3694 | D:4      | Noticed Eustachio
  3728 | D:4      | Gained mutation: Your magical nature lets you fly swiftly
                  | and evasively. [Tengu growth]
  3728 | D:4      | Reached XP level 5. HP: 27/28 MP: 2/10
  4279 | D:4      | Killed a phantom
  4280 | D:4      | Reached skill level 1 in Armour
  4280 | D:4      | Reached skill level 3 in Spellcasting
  4280 | D:4      | Reached skill level 4 in Conjurations
  4280 | D:4      | Reached skill level 6 in Air Magic
  4280 | D:4      | Reached XP level 6. HP: 12/32 MP: 0/11
  4679 | D:4      | Noticed Edmund
  5479 | D:5      | Entered Level 5 of the Dungeon
  5479 | D:5      | Noticed Sigmund
  5503 | D:5      | You pick up a book of Cantrips and begin reading...
  5503 | D:5      | You add the spells Animate Skeleton, Summon Small Mammal
                  | and Apportation to your library.
  5616 | D:5      | Learned a level 4 spell: Airstrike
  5628 | D:5      | Found an opulent altar of Gozag.
  5658 | D:5      | Found a runed translucent door.
  5659 | D:5      | Noticed Crazy Yiuf
  5687 | D:5      | Found a snail-covered altar of Cheibriados.
  5815 | D:5      | Reached skill level 2 in Armour
  5884 | D:5      | You pick up a book of Displacement and begin reading...
  5884 | D:5      | You add the spells Lesser Beckoning, Gell's Gravitas and
                  | Teleport Other to your library.
  5893 | D:5      | Found a shimmering blue altar of Sif Muna.
  5980 | D:5      | Slain by an ogre

Vanquished Creatures
  2 phantoms
  2 jellies (D:4)
  3 gnolls (D:3)
  7 adders
  A worm (D:4)
  4 dart slugs
  2 orcs (D:3)
  9 endoplasms (D:4)
  2 giant cockroaches
  5 goblins
  3 hobgoblins
  3 jackals (D:2)
  4 quokkas
  5 ball pythons
  5 bats
  6 frilled lizards
  11 kobolds
  5 rats
79 creatures vanquished.

Vanquished Creatures (others)
  6 fungi (D:4)
  5 toadstools (D:4)
11 creatures vanquished.

Grand Total: 90 creatures vanquished

Table legend:
 A = Non-vault XP
 B = Vault XP
 C = Vault XP percentage of total XP
 D = Non-vault monster count
 E = Vault monster count
 F = Vault count percentage of total count
                 A         B        C        D         E       F
            +---------+---------+-------+---------+---------+-------
      Total |     461 |      91 |  16.5 |      53 |      26 |  32.9
            +---------+---------+-------+---------+---------+-------
        D:1 |       9 |       2 |  18.2 |       8 |       1 |  11.1
        D:2 |      18 |       7 |  28.0 |      11 |       4 |  26.7
        D:3 |     112 |       8 |   6.7 |      21 |       2 |   8.7
        D:4 |     188 |      70 |  27.1 |      10 |      18 |  64.3
        D:5 |     134 |       4 |   2.9 |       3 |       1 |  25.0
            +---------+---------+-------+---------+---------+-------

Illustrated notes

Table legend:
 A = Kills in this place as a percentage of kills in entire the game.
 B = Kills by you in this place as a percentage of kills by you in the entire game.
 C = Kills by friends in this place as a percentage of kills by friends in the entire game.
 D = Other kills in this place as a percentage of other kills in the entire game.
 E = Experience gained in this place as a percentage of experience gained in the entire game.
 F = Experience gained in this place divided by the number of levels of this place that you have seen.
                   A       B       C       D       E      F
               +-------+-------+-------+-------+-------+----------------------
         Total | 100.0 | 100.0 |   N/A |   N/A | 100.0 | 110.4
       Dungeon | 100.0 | 100.0 |   N/A |   N/A | 100.0 | 110.4
               +-------+-------+-------+-------+-------+----------------------

Table legend: (Time is in decaauts)
 A = Elapsed time spent in this place.
 B = Non-inter-level travel time spent in this place.
 C = Inter-level travel time spent in this place.
 D = Time resting spent in this place.
 E = Time spent auto-exploring this place.
 F = Levels seen in this place.
 G = Mean time per level.
                   A        B        C        D        E       F      G
               +--------+--------+--------+--------+--------+-----+--------+
         Total |   5863 |   5638 |    225 |    782 |   4189 |   5 | 1172.6 |
       Dungeon |   5863 |   5638 |    225 |    782 |   4189 |   5 | 1172.6 |
               +--------+--------+--------+--------+--------+-----+--------+

Top non-repeatable levels by time:
     D:3: 2064 daAuts
     D:4: 1683 daAuts
     D:2: 1235 daAuts
     D:1: 507 daAuts
     D:5: 371 daAuts
